AoeStats
← CrazyBen

Lombardia

508695882Analyzed
4v4 RM · 8d ago on Sep 23, 2026· 40m 22s· 8 players
Game mode
Random Map
Map size
Large (8 player)
Population
200
Speed
Normal
Resources
Standard
Victory
Conquest
Starting age
Dark Age
Ending age
Imperial Age
RankedLock teamsTeams togetherTeam positionsShared explorationLock speedFull tech treeHidden civsTurbo modeCheats
Victory
Defeat
🇫🇷 Mongols · France
1449
+11
🇨🇭 Burgundians · Switzerland
1432
+12
🇫🇮 Hindustanis · Finland
1410
+13
🇦🇷 Varangians · Argentina
1397
+14
🇩🇪 Berbers · Germany
1376
-14
🇩🇪 Ethiopians · Germany
1336
-12
🇩🇪 Magyars · Germany
1336
-12
🇩🇪 Koreans · Germany
1334
-12
|MP| layc0ni
8:26 Loom
10:51 Feudal Age
15:02 Castle Age
13:18 Double-Bit Axe
14:06 Horse Collar
21:01 Wheelbarrow
20:12 Town Watch
25:38 Bow Saw
25:38 Heavy Plow
27:13 Fortified Wall
27:57 Scale Barding Armor
28:03 Forging
32:32 Imperial Age
30:50 Hand Cart
31:19 Gold Mining
31:47 Bloodlines
31:38 Husbandry
32:36 Chain Barding Armor
31:50 Vendel Legacy
34:35 Two-Man Saw
34:44 Plate Barding Armor
35:02 Iron Casting
33:50 Cavalier
37:41 Iron Casting
38:06 Caravan
39:16 Town Patrol
40:20 Fletching
41:35 Blast Furnace
CrazyBen
11:06 Feudal Age
15:04 Castle Age
12:54 Double-Bit Axe
13:23 Horse Collar
16:07 Bow Saw
16:49 Fletching
21:05 Wheelbarrow
22:39 Loom
23:16 Hand Cart
23:24 Hand Cart
25:46 Fortified Wall
25:44 Bodkin Arrow
26:11 Padded Archer Armor
27:23 Ballistics
32:37 Imperial Age
31:31 Leather Archer Armor
31:32 Thumb Ring
32:50 Capped Ram
34:35 Drill
34:39 Siege Engineers
35:35 Chemistry
35:59 Hoardings
35:34 Onager
36:36 Heavy Scorpion
38:05 Siege Ram
39:24 Town Watch
JAxys
9:55 Feudal Age
12:07 Loom
17:47 Castle Age
18:18 Double-Bit Axe
23:37 Horse Collar
25:30 Wheelbarrow
26:23 Heavy Plow
26:39 Forging
27:48 Gold Mining
28:20 Bow Saw
28:41 Fortified Wall
33:53 Imperial Age
32:04 Gold Shaft Mining
31:38 Scale Barding Armor
31:03 Cavalier
32:50 Iron Casting
32:54 Husbandry
33:16 Chain Barding Armor
36:25 Paladin
38:24 Blast Furnace
39:54 Plate Barding Armor
40:13 Fletching
40:27 Treadmill Crane
7777777
10:46 Feudal Age
14:52 Castle Age
14:00 Double-Bit Axe
13:58 Horse Collar
17:39 Bloodlines
22:35 Wheelbarrow
21:46 Loom
24:17 Husbandry
25:58 Scale Barding Armor
26:03 Forging
27:41 Chain Barding Armor
29:44 Bow Saw
30:10 Heavy Plow
32:59 Imperial Age
30:58 Grand Trunk Road
31:54 Gold Mining
32:25 Hand Cart
33:35 Gold Shaft Mining
33:11 Heavy Camel Rider
34:35 Plate Barding Armor
35:00 Imperial Camel Rider
36:05 Conscription
37:20 Iron Casting
38:31 Hoardings
39:37 Blast Furnace
I still hate Goths
6:51 Loom
9:21 Feudal Age
9:55 Double-Bit Axe
15:04 Horse Collar
20:52 Castle Age
19:15 Scale Barding Armor
20:50 Wheelbarrow
20:15 Gold Mining
20:48 Bloodlines
21:56 Chain Barding Armor
21:38 Husbandry
34:22 Imperial Age
34:30 Imperial Age
33:35 Fletching
35:56 Plate Barding Armor
36:11 Cavalier
38:30 Bodkin Arrow
38:01 Light Cavalry
38:59 Scale Mail Armor
38:23 Pikeman
39:06 Halberdier
Fürst Zono
6:27 Loom
8:37 Feudal Age
10:33 Double-Bit Axe
14:35 Horse Collar
17:06 Wheelbarrow
20:11 Castle Age
21:05 Bow Saw
22:19 Heavy Plow
25:53 Gold Mining
25:53 Stone Mining
26:36 Hand Cart
26:08 Town Watch
27:04 Stone Mining
31:30 Imperial Age
30:20 Bloodlines
30:11 Husbandry
30:02 Fletching
31:02 Ballistics
30:53 Masonry
30:41 Bodkin Arrow
31:29 Thumb Ring
31:27 Padded Archer Armor
32:26 Bracer
34:06 Leather Archer Armor
35:46 Conscription
36:02 Coinage
37:15 Ring Archer Armor
38:06 Chemistry
Tanana
9:00 Loom
12:13 Feudal Age
13:02 Double-Bit Axe
15:49 Castle Age
14:19 Horse Collar
15:36 Fletching
16:42 Bow Saw
17:32 Crossbowman
21:24 Wheelbarrow
26:12 Thumb Ring
27:24 Bodkin Arrow
29:17 Padded Archer Armor
33:52 Imperial Age
32:21 Heavy Plow
34:07 Ballistics
35:59 Chemistry
36:19 Arbalester
37:54 Bracer
I still love Koreans
8:18 Loom
10:38 Feudal Age
14:16 Castle Age
13:50 Double-Bit Axe
13:47 Horse Collar
25:31 Fletching
25:57 Bow Saw
26:33 Wheelbarrow
27:23 Bodkin Arrow
28:42 Ballistics
32:20 Imperial Age
30:58 Hand Cart
31:01 Gold Mining
31:29 Eupseong
31:20 Town Watch
32:16 Stone Mining
32:41 Masonry
34:12 Chemistry
33:14 Bracer
33:41 Conscription
33:51 Elite War Wagon
34:55 Heavy Plow
38:41 Scale Mail Armor
38:52 Forging
38:23 Elite Fire Lancer
39:03 Squires
40:09 Chain Mail Armor
40:58 Iron Casting
Connection lost

Rejoining the realm…

Still unreachable

The connection could not be restored.

Session expired

The server has moved on; the page needs a fresh start.